 Dungeon Crawl Stone Soup version 0.29.1-1-gd02db6906a (webtiles) character file.

Game seed: 9781161871812552899

101 Earthwalker the Conjurer (level 5, 0/35 HPs)
             Began as a Human Conjurer on Oct 4, 2022.
             Killed by divine providence
             ... invoked by an orc priest
              (9 damage)
             ... on level 2 of the Dungeon.
             The game lasted 00:20:29 (2122 turns).

Earthwalker the Conjurer (Human Conjurer)           Turns: 2122, Time: 00:20:31

Health: 0/35       AC:  3    Str:  7    XL:     5   Next: 4%
Magic:  5/9        EV: 11    Int: 20    God:
Gold:   91         SH:  0    Dex: 12    Spells: 8/9 levels left

rFire   . . .      SeeInvis .   c - +0 hand axe
rCold   . . .      Faith    .   (no shield)
rNeg    . . .      Spirit   .   r - +0 leather armour
rPois   .          Reflect  .   (no helmet)
rElec   .          Harm     .   (no cloak)
rCorr   .          Rampage  .   (no gloves)
Will    .....                   (no boots)
Stlth   ++........              (no amulet)
HPRegen 0.11/turn               (no ring)
MPRegen 0.11/turn               (no ring)

@: no status effects
A: no striking features
a: no special abilities


You were on level 2 of the Dungeon.
You visited 1 branch of the dungeon, and saw 3 of its levels.

You collected 91 gold pieces.

Inventory:

Hand Weapons
 c - a +0 hand axe (weapon)
Missiles
 e - 11 poisoned darts
 f - 35 stones
 g - 6 boomerangs
Armour
 a - a +0 robe
 i - a +0 robe
 r - a +0 leather armour (worn)
Scrolls
 h - a scroll of butterflies
 j - a scroll of amnesia
 l - 2 scrolls of vulnerability
 q - a scroll of teleportation
 s - a scroll of immolation
Potions
 b - 2 potions of magic
 d - a potion of curing
 m - a potion of brilliance
 n - 2 potions of mutation
 o - a potion of resistance
 p - 2 potions of might


   Skills:
 + Level 0.1 Fighting
 + Level 1.1 Axes
 + Level 2.3 Dodging
 + Level 2.3 Stealth
 + Level 2.7 Spellcasting
 + Level 5.0 Conjurations


You had 8 spell levels left.
You knew the following spells:

 Your Spells              Type           Power      Damage    Failure   Level
a - Magic Dart            Conj           88%        1d7       2%          1

Your spell library contained the following spells:

 Spells                   Type           Power      Damage    Failure   Level
 Searing Ray              Conj           44%        2d6       4%          2
 Dazzling Flash           Conj/Hex       24%        N/A       24%         3
 Poisonous Vapours        Pois/Air       4%         N/A       32%         2
 Fulminant Prism          Conj/Hex       6%         3d7       61%         4
 Iskenderun's Mystic Bla  Conj/Tloc      12%        2d5       61%         4
 Corpse Rot               Necr/Pois/Air  2%         N/A       91%         4


Dungeon Overview and Level Annotations

Branches:
Dungeon (3/15)

Altars:

Annotations:
D:3 Sigmund


Message History

Confirm with . or Enter, or press ? or * to list all spells.
Aiming: Magic Dart (safe; 2% risk of failure)
Press: ? - help, Shift-Dir - straight line, f/p - orc priest
Aim: an orc priest, wielding a +0 mace (100% to hit)
The magic dart hits the orc priest.
The orc priest is moderately wounded.
Casting: Magic Dart (safe; 2% risk of failure)
Confirm with . or Enter, or press ? or * to list all spells.
Aiming: Magic Dart (safe; 2% risk of failure)
Press: ? - help, Shift-Dir - straight line, f/p - orc priest
Aim: an orc priest, wielding a +0 mace (moderately wounded, 100% to hit)
The magic dart hits the orc priest!
The orc priest is almost dead.
The orc priest mumbles some strange prayers to Beogh against you.
Pain shoots through your body!
An orc comes into view. It is wielding a +0 dagger.
There is a stone staircase leading up here.
The orc priest hits you with a +0 mace.
* * * LOW HITPOINT WARNING * * *
You climb upwards.
There is a stone staircase leading down here.
Casting: Magic Dart (safe; 2% risk of failure)
Confirm with . or Enter, or press ? or * to list all spells.
Aiming: Magic Dart (safe; 2% risk of failure)
Press: ? - help, Shift-Dir - straight line, f - orc priest
Aim: an orc priest, wielding a +0 mace (almost dead, 100% to hit)
The magic dart hits the orc priest.
The orc priest is almost dead.
The orc priest invokes the aid of Beogh against you.
You barely resist.
Casting: Magic Dart (safe; 2% risk of failure)
Confirm with . or Enter, or press ? or * to list all spells.
Aiming: Magic Dart (safe; 2% risk of failure)
Press: ? - help, Shift-Dir - straight line, f/p - orc priest
Aim: an orc priest, wielding a +0 mace (almost dead, 100% to hit)
The magic dart hits the orc priest.
The orc priest is almost dead.
The orc priest mumbles some strange prayers to Beogh against you.
Beogh smites you!
You die...

#.....# #..###.....
###.### #...#......
#.# ###.#...##...
#.# #...#....#...
#.####.#..........
###.##...#######.#..
#......### #...#
#...o### #..##
#..@## #### #...#
#####


You could see an orc priest.

Vanquished Creatures
  3 gnolls
  An adder (D:2)
  2 dart slugs (D:1)
  6 ball pythons
  4 bats
  6 endoplasms
  3 giant cockroaches
  8 hobgoblins
  2 quokkas (D:2)
  5 frilled lizards (D:1)
  5 goblins
  5 kobolds
  5 rats
55 creatures vanquished.

Vanquished Creatures (others)
  2 fungi
  16 plants
18 creatures vanquished.

Grand Total: 73 creatures vanquished

Notes
Turn   | Place    | Note
-------+----------+-------------------------------------------
     0 | D:1      | Earthwalker the Human Conjurer began the quest for the Orb.
     0 | D:1      | Reached XP level 1. HP: 13/13 MP: 3/3
   223 | D:1      | Reached XP level 2. HP: 19/19 MP: 1/5
   497 | D:1      | Reached XP level 3. HP: 24/24 MP: 1/6
  1447 | D:2      | Reached XP level 4. HP: 30/30 MP: 5/7
  1572 | D:2      | Found a faded altar of an unknown god.
  1764 | D:2      | Reached skill level 1 in Axes
  1990 | D:3      | Noticed Sigmund
  2006 | D:2      | Reached skill level 5 in Conjurations
  2056 | D:2      | Reached XP level 5. HP: 17/35 MP: 3/9
  2122 | D:2      | Killed from afar by an orc priest

Illustrated notes

Levels and vault maps discovered:
D:1:      dpeg_arrival_prison, layout_loops_ring, serial_bayou,
          serial_bayou_pond_c, serial_bayou_pond_b, serial_bayou_pond_c,
          serial_bayou_pond_c
D:2:      layout_rooms, shapermc_ecumenical_altar_petra, minmay_tetromino_l4
D:3:      layout_basic, mainiacjoe_overflow_concentric_impassable, serial_shops,
          shop, uniq_sigmund, uniq_terence

Skill      XL: |  1  2  3  4 |
---------------+-------------+-----
Axes           | 1 |  1.1
Conjurations   | 5 |  5.0
Fighting       | |  0.1
Dodging        | |  2.3
Stealth        | |  2.3
Spellcasting   | |  2.7

Action                   |  1- 3 |  4- 6 || total
-------------------------+-------+-------++-------
Melee: Hand axe          |    32 |     8 ||    40
       Punch             |     1 |     2 ||     3
 Cast: Magic Dart        |    61 |    42 ||   103
  Use: Scroll            |       |    11 ||    11
Armor: Robe              |     7 |       ||     7
       Leather armour    |       |     1 ||     1
Dodge: Dodged            |    28 |    17 ||    45
